 Dungeon Crawl Stone Soup version 0.27.0-1-g7a089689b8 (webtiles) character file.

Game seed: 9692109086274010874

2992 sakkuzi the Cruncher (level 9, -4/85 HPs)
             Began as a Minotaur Berserker on Aug 12, 2021.
             Was a Priest of Trog.
             Slain by a gnoll (6 damage)
             ... in a bailey.
             The game lasted 00:13:09 (6946 turns).

sakkuzi the Cruncher (Minotaur Berserker)           Turns: 6946, Time: 00:13:09

Health: -4/85      AC: 15    Str: 23    XL:     9   Next: 54%
Magic:  8/8        EV:  4    Int:  4    God:    Trog [***...]
Gold:   351        SH:  0    Dex: 12    Spells: 8/8 levels left

rFire    . . .     SeeInvis .   o - +5 quarterstaff (chaos) {staff}
rCold    . . .     Faith    .   (shield currently unavailable)
rNeg     . . .     Spirit   .   k - +0 plate armour
rPois    .         Reflect  .   (helmet restricted)
rElec    .         Harm     .   p - +2 cloak
rCorr    .         Rampage  .   r - +0 pair of gloves
Will     .....                  (no boots)
Stlth    ..........             (no amulet)
HPRegen  0.24/turn              s - ring of flight
MPRegen  0.11/turn              (no ring)

@: on berserk cooldown, flying, held, hasted and slowed
A: horns 2, retaliatory headbutt
a: Renounce Religion, Berserk, Trog's Hand


You were in a bailey.
You worshipped Trog.
Trog was most pleased with you.
You visited 1 branch of the dungeon, and saw 7 of its levels.
You also visited: Bailey.

You collected 351 gold pieces.


Innate Abilities, Weirdness & Mutations

You have a pair of horns on your head.
You reflexively headbutt those who attack you in melee.


   Skills:
 + Level 9.8 Fighting
 - Level 5.7 Axes
 * Level 11.9 Staves
 - Level 2.4 Armour
 - Level 2.1 Dodging


You had 8 spell levels left.
You didn't know any spells.
Your spell library contained the following spells:

 Spells                   Type           Power      Damage    Failure   Level
 Blink                    Tloc           N/A        N/A       100%        2
 Corpse Rot               Necr/Air       N/A        N/A       100%        2
 Poisonous Vapours        Pois/Air       0%         N/A       100%        2
 Stone Arrow              Conj/Erth      0%         3d7       100%        3
 Animate Armour           Summ/Erth      0%         N/A       100%        4
 Freezing Cloud           Conj/Ice/Air   0%         6-21      100%        5
 Manifold Assault         Tloc           0%         N/A       100%        5
 Storm Form               Tmut/Air       0%         N/A       100%        7
 Lehudib's Crystal Spear  Conj/Erth      0%         10d2      100%        8

Inventory:

Hand Weapons
 a - a +0 hand axe {axe}
 e - a +3 hunting sling {sling}
   (You found it on level 1 of the Dungeon)
 n - a +2 long sword of venom {long}
   (You found it on level 4 of the Dungeon)
 o - a +5 quarterstaff of chaos (weapon) {staff}
   (You took it off Crazy Yiuf on level 2 of the Dungeon)
 v - the +6 dagger "Gupequst" {flame, Int+3 Stlth+, short}
   (You found it on level 5 of the Dungeon)

   It burns those it strikes, dealing additional fire damage.
   Int:       It affects your intelligence (+3).
   Stlth:     It makes you more stealthy.
 C - a +4 short sword of speed {short}
   (You took it off a kobold brigand on level 6 of the Dungeon)
Missiles
 f - 26 poisoned darts (quivered) {throwing}
 g - 255 stones {throwing}
 l - 51 bolts
 y - 68 arrows
 B - a curare-tipped dart {=fthrowing}
 D - 7 boomerangs {throwing}
 I - a throwing net {=f!fthrowing}
Armour
 b - a +0 animal skin
 k - a +0 plate armour (worn)
   (You found it on level 2 of the Dungeon)
 p - a +2 cloak (worn)
   (You took it off Crazy Yiuf on level 2 of the Dungeon)
 r - a +0 pair of gloves (worn)
   (You found it on level 3 of the Dungeon)
 F - a +3 leather armour
   (You found it on level 6 of the Dungeon)
 G - a +1 leather armour of cold resistance
   (You took it off Eustachio on level 6 of the Dungeon)
Jewellery
 s - a ring of flight (left hand)
   (You found it on level 4 of the Dungeon)
Wands
 i - a wand of digging (4)
   (You took it off Jessica on level 2 of the Dungeon)
 q - a wand of iceblast (10)
   (You took it off Ijyb on level 4 of the Dungeon)
 w - a wand of flame (55)
   (You found it on level 5 of the Dungeon)
 z - a wand of mindburst (12)
   (You took it off a centaur on level 5 of the Dungeon)
 H - a wand of acid (8)
   (You found it on level 6 of the Dungeon)
Scrolls
 c - 2 scrolls of identify {@r1}
 m - 6 scrolls of teleportation {@r4}
 x - a scroll of fog {unknown}
 A - a scroll of acquirement {unknown}
 E - a scroll of noise {unknown}
Potions
 d - 3 potions of haste {@q3}
 h - 5 potions of curing {@q1}
 j - 2 potions of resistance
 t - a potion of mutation {unknown}
 u - a potion of ambrosia {unknown}

Dungeon Overview and Level Annotations

Branches:
Dungeon (7/15)             Temple (0/1) D:5          Bailey (1/1)

Altars:
Ashenzari
Dithmenos

Shops:
D:5

: ♣♣♣.....).....♣♣♣
♣♣......)........♣♣
♣♣≈≈≈≈≈≈≈..)≈≈≈≈≈≈≈♣♣
♣≈≈...............≈≈♣
♣≈.................≈♣
♣≈.######))'######.≈♣
♣≈.# #.).# #.≈♣ ♣≈##
#...# ##≈♣ ♣≈ #.@.#
≈♣ ♣≈ ##'## ≈♣ ♣≈
##)g.## ≈♣ ♣≈
##..gg.## ≈♣ ♣≈
#.......#
♣≈###+#...8...# #
#...#.......# .#
#...##.....## ..#
#....##..)## ...#


You could see 3 gnolls.


Message History

You struggle against the net.
The gnoll shouts!
You hear a shout!
You struggle against the net.
You are no longer glowing.
The gnoll completely misses you.
The gnoll hits you from afar with a +0 trident. 😕 HP[-2]
You take 2 damage, and now have 83/85 hp.
You struggle against the net.
The gnoll hits you from afar with a +0 halberd.
The gnoll hits you from afar with a +0 halberd!
The gnoll barely misses you. 😕 HP[-15]
You take 15 damage, and now have 68/85 hp.
You shred the net and break free! The gnoll closely misses you.
The gnoll hits you from afar with a +0 trident!
The gnoll hits you but does no damage. 😮 HP[-6]
You take 6 damage, and now have 62/85 hp.
The gnoll hits you but does no damage.
There is an open door here. 😮 HP[+1]
The gnoll hits you with a +0 halberd. The gnoll hits you with a +0 trident!
The gnoll hits you from afar with a +0 halberd!
* * * LOW HITPOINT WARNING * * *
The gnoll hits you but does no damage.
There is an open door, spattered with blood here. 😨 HP[-26]
You take 26 damage, and now have 37/85 hp.
MASSIVE DAMAGE!! (PAUSE)
You hit the gnoll. You freeze the gnoll.
You headbutt the gnoll, but do no damage.
The gnoll hits you with a +0 trident.
* * * LOW HITPOINT WARNING * * *
😨 HP[-2]
You take 2 damage, and now have 35/85 hp.
The gnoll hits you from afar with a +0 trident!
* * * LOW HITPOINT WARNING * * *
😨 HP[-9]
You take 9 damage, and now have 26/85 hp.
A red film seems to cover your vision as you go berserk!
You feel yourself moving faster!
You feel mighty! The gnoll hits you with a +0 halberd!
* * * LOW HITPOINT WARNING * * *
The gnoll hits you from afar with a +0 trident.
* * * LOW HITPOINT WARNING * * *
😱 HP[+2]
You now have 127 max hp (+42).
You regained 2 hp, and now have 28/127 hp.
You bludgeon the gnoll!!
You feel the power of Trog in you as your rage grows.
You kill the gnoll!
Trog accepts your kill.
You bludgeon the gnoll!!
You kill the gnoll!
Trog accepts your kill.
The gnoll throws a throwing net.
The throwing net hits you.
You become entangled in the net!
You struggle against the net. 😱 HP[+1]
You struggle against the net.
You feel a strong urge to attack something.
The gnoll hits you but does no damage.
You struggle against the net.
You shred the net and break free!
You feel your anger nearly subside.
You are no longer berserk.
You are exhausted.
You feel yourself slow down. The gnoll hits you but does no damage.
The gnoll barely misses you. 😱 HP[-10]
You now have 85 max hp (-42).
You sock the gnoll!
The gnoll is poisoned.
The gnoll hits you but does no damage. The gnoll hits you with a +0 halberd.
* * * LOW HITPOINT WARNING * * *
😱 HP[-2]
You take 2 damage, and now have 17/85 hp.
The gnoll hits you from afar with a +0 halberd!
* * * LOW HITPOINT WARNING * * *
😱 HP[-11]
You take 11 damage, and now have 6/85 hp.
The gnoll hits you but does no damage.
You kill the gnoll!
Trog accepts your kill. 😱 HP[+1]
You feel yourself speed up. The gnoll hits you but does no damage.
The gnoll hits you from afar with a +0 halberd!
* * * LOW HITPOINT WARNING * * *
The gnoll hits you but does no damage. 😱 HP[-6]
You take 6 damage, and now have 1/85 hp.
Things that are here:
a +0 spear {polearm}; a +0 scale mail
There is an open door, spattered with blood here.
The gnoll throws a throwing net.
The throwing net hits you.
You become entangled in the net!
You see here a throwing net {=f!fthrowing}.
You struggle against the net.
The gnoll hits you from afar with a +0 halberd.
You die...

Skill      XL: |  1  2  3  4  5  6  7  8  9 |
---------------+----------------------------+-----
Axes           | 4 5 |  5.7
Fighting       | 4 5 6 7 9 |  9.8
Staves         | 1 3 5 7 10 11 | 11.9
Armour         | |  2.4
Dodging        | |  2.1

Action                   |  1- 3 |  4- 6 |  7- 9 || total
-------------------------+-------+-------+-------++-------
Melee: Hand axe          |    64 |    13 |       ||    77
       Headbutt          |     9 |    18 |    27 ||    54
       Quarterstaff      |       |   100 |   140 ||   240
Invok: Berserk           |       |       |     2 ||     2
  Use: Scroll            |       |    10 |       ||    10
       Potion            |       |     1 |     2 ||     3
Armor: Animal skin       |    14 |       |       ||    14
       Plate armour      |     6 |   117 |   151 ||   274
Dodge: Dodged            |    51 |    57 |    72 ||   180

Levels and vault maps discovered:
D:1:      dpeg_arrival_three_bigger_balls, layout_loops_ring,
          hellmonk_ecumenical_altar_heavens_door,
          corexii_item_surrounded_by_moat
D:2:      layout_rooms, minmay_misc_feat_tiny, uniq_jessica,
          uniq_crazy_yiuf_cottage
D:3:      layout_loops_corners
D:4:      kennysheep_goblin_castle, layout_loops_ring, minmay_misc_feat_encased,
          uniq_ijyb
D:5:      layout_loops_ring, mainiacjoe_overflow_six_doors_small,
          minmay_temple_entry_offerings, nicolae_take_the_stairs,
          kennysheep_small_square, uniq_edmund
D:6:      layout_loops_cross, nicolae_dithmenos_shadow_blocks, uniq_grinder,
          uniq_eustachio, uniq_pikel
D:7:      layout_basic, lemuel_zombie_altar_yredelemnul, lemuel_doored_altar,
          enter_bailey_4
Bailey:   bailey_polearm_gnolls_kennysheep, bailey

Notes
Turn   | Place    | Note
-------+----------+-------------------------------------------
     0 | D:1      | sakkuzi the Minotaur Berserker began the quest for the Orb.
     0 | D:1      | Reached XP level 1. HP: 19/19 MP: 0/0
     0 | D:1      | magus.rc [v1.9.6]
    98 | D:1      | Reached skill level 4 in Axes
   166 | D:1      | Reached XP level 2. HP: 25/27 MP: 1/1
   334 | D:1      | Found a faded altar of an unknown god.
   678 | D:1      | Reached skill level 4 in Fighting
  1031 | D:2      | Noticed Jessica
  1040 | D:2      | Killed Jessica
  1041 | D:2      | Reached skill level 5 in Axes
  1041 | D:2      | Reached XP level 3. HP: 27/34 MP: 2/2
  1315 | D:2      | Reached XP level 4. HP: 37/41 MP: 3/3
  1316 | D:2      | Reached ** piety under Trog
  1511 | D:2      | Found a runed translucent door.
  1512 | D:2      | Noticed Crazy Yiuf
  1519 | D:2      | Killed Crazy Yiuf
  1934 | D:3      | Reached skill level 1 in Staves
  1934 | D:3      | Reached XP level 5. HP: 47/47 MP: 4/4
  2140 | D:3      | You pick up a book of Vapours {forbidden} and begin
                  | reading...
  2140 | D:3      | You add the spells Poisonous Vapours, Corpse Rot and
                  | Freezing Cloud to your library.
  2416 | D:3      | Reached skill level 5 in Fighting
  2546 | D:4      | Reached skill level 2 in Staves
  2771 | D:4      | Reached skill level 3 in Staves
  3041 | D:4      | Reached XP level 6. HP: 55/56 MP: 5/5
  3363 | D:4      | Reached skill level 4 in Staves
  3421 | D:4      | Noticed Ijyb
  3436 | D:4      | Killed Ijyb
  3503 | D:5      | Entered Level 5 of the Dungeon
  3564 | D:5      | Found a staircase to the Ecumenical Temple.
  3567 | D:5      | You pick up a book of Armaments {forbidden} and begin
                  | reading...
  3567 | D:5      | You add the spells Stone Arrow, Animate Armour and
                  | Lehudib's Crystal Spear to your library.
  3575 | D:5      | Identified the +6 dagger "Gupequst" {flame, Int+3 Stlth+}
  3617 | D:5      | Found a broken altar of Ashenzari.
  3673 | D:5      | Reached skill level 6 in Fighting
  3673 | D:5      | Reached skill level 5 in Staves
  3673 | D:5      | Reached XP level 7. HP: 21/63 MP: 6/6
  3902 | D:5      | Found Attoezemm's Book Boutique.
  4195 | D:5      | Reached skill level 6 in Staves
  4199 | D:5      | HP: 14/64 [disintegration (22)]
  4667 | D:5      | Noticed Edmund
  4675 | D:5      | Killed Edmund
  4676 | D:5      | Reached skill level 7 in Fighting
  4676 | D:5      | Reached skill level 7 in Staves
  4712 | D:5      | Reached *** piety under Trog
  4765 | D:6      | Noticed Grinder
  4779 | D:6      | Reached XP level 8. HP: 57/73 MP: 7/7
  4786 | D:6      | Paralysed by Grinder for 4 turns
  4788 | D:6      | Killed Grinder
  4789 | D:6      | Reached skill level 8 in Staves
  4887 | D:6      | You add the spells Blink, Manifold Assault and Storm Form
                  | to your library.
  5006 | D:6      | Found a shadowy altar of Dithmenos.
  5035 | D:6      | Reached skill level 8 in Fighting
  5035 | D:6      | Reached skill level 9 in Staves
  5549 | D:6      | Noticed Eustachio
  5597 | D:6      | Killed Eustachio
  5598 | D:6      | Reached skill level 10 in Staves
  5713 | D:6      | Noticed Pikel
  5721 | D:6      | Killed Pikel
  5722 | D:6      | Reached skill level 9 in Fighting
  5722 | D:6      | Reached XP level 9. HP: 66/83 MP: 8/8
  5892 | D:7      | Reached skill level 11 in Staves
  5923 | D:7      | HP: 16/83 [something (5)]
  5928 | D:7      | Killed an unseen horror
  6267 | D:7      | Found a flagged portal.
  6286 | Bailey   | Entered a bailey
  6574 | Bailey   | HP: 30/127 [gnoll shaman (6)]
  6580 | Bailey   | HP: 19/127 [gnoll shaman (3)]
  6929 | Bailey   | HP: 31/127 [gnoll (9)]
  6936 | Bailey   | HP: 17/85 [gnoll (3)]
  6937 | Bailey   | HP: 6/85 [gnoll (11)]
  6942 | Bailey   | HP: 1/85 [gnoll (7)]
  6946 | Bailey   | Slain by a gnoll

Vanquished Creatures
  Pikel (D:6)
  An unseen horror (D:7)
  Grinder (D:6)
  Eustachio (D:6)
  Edmund (D:5)
  An orc warrior (D:6)
  2 sky beasts
  2 ogres
  A centaur (D:5)
  A kobold brigand (D:6)
  2 bullfrogs
  2 gnoll sergeants (Bailey)
  A scorpion (D:5)
  2 water moccasin skeletons (D:5)
  A howler monkey (D:5)
  A centaur zombie (D:6)
  7 hounds
  A jelly (D:5)
  Crazy Yiuf (D:2)
  2 gnoll shamans (Bailey)
  2 bullfrog skeletons
  3 centaur skeletons
  Jessica (D:2)
  Ijyb (D:4)
  An iguana (D:5)
  A hound skeleton (D:4)
  3 adders
  8 gnolls (Bailey)
  A white imp (D:5)
  A worm (D:2)
  A dart slug (D:1)
  12 orcs
  4 ball pythons
  7 endoplasms
  5 giant cockroaches
  11 goblins
  7 hobgoblins
  8 jackals
  3 quokkas
  7 bats
  5 frilled lizards
  13 kobolds
  2 rats (D:1)
139 creatures vanquished.

Table legend:
 A = Non-vault XP
 B = Vault XP
 C = Vault XP percentage of total XP
 D = Non-vault monster count
 E = Vault monster count
 F = Vault count percentage of total count
                 A         B        C        D         E       F
            +---------+---------+-------+---------+---------+-------
      Total |    2404 |    1871 |  43.8 |     102 |      37 |  26.6
            +---------+---------+-------+---------+---------+-------
        D:1 |      25 |       0 |   0.0 |      15 |       0 |   0.0
        D:2 |      52 |      78 |  60.0 |      16 |       2 |  11.1
        D:3 |      65 |       0 |   0.0 |      17 |       0 |   0.0
        D:4 |     197 |      58 |  22.7 |      22 |      12 |  35.3
        D:5 |     738 |     171 |  18.8 |      12 |       1 |   7.7
        D:6 |     716 |    1099 |  60.6 |      15 |       3 |  16.7
        D:7 |     611 |      12 |   1.9 |       5 |       5 |  50.0
     Bailey |       0 |     453 | 100.0 |       0 |      14 | 100.0
            +---------+---------+-------+---------+---------+-------

Illustrated notes

Table legend:
 A = Kills in this place as a percentage of kills in entire the game.
 B = Kills by you in this place as a percentage of kills by you in the entire game.
 C = Kills by friends in this place as a percentage of kills by friends in the entire game.
 D = Other kills in this place as a percentage of other kills in the entire game.
 E = Experience gained in this place as a percentage of experience gained in the entire game.
 F = Experience gained in this place divided by the number of levels of this place that you have seen.
                   A       B       C       D       E      F
               +-------+-------+-------+-------+-------+----------------------
         Total | 100.0 | 100.0 |   N/A |   N/A | 100.0 | 534.4
       Dungeon |  89.9 |  89.9 |   N/A |   N/A |  89.4 | 546.0
        Bailey |  10.1 |  10.1 |   N/A |   N/A |  10.6 | 453.0
               +-------+-------+-------+-------+-------+----------------------

Table legend: (Time is in decaauts)
 A = Elapsed time spent in this place.
 B = Non-inter-level travel time spent in this place.
 C = Inter-level travel time spent in this place.
 D = Time resting spent in this place.
 E = Time spent auto-exploring this place.
 F = Levels seen in this place.
 G = Mean time per level.
                   A        B        C        D        E       F      G
               +--------+--------+--------+--------+--------+-----+--------+
         Total |   6954 |   6760 |    194 |   1310 |   3845 |   8 |  869.2 |
       Dungeon |   6291 |   6097 |    194 |    814 |   3845 |   7 |  898.7 |
        Bailey |    662 |    662 |      0 |    496 |      0 |   1 |  662.0 |
               +--------+--------+--------+--------+--------+-----+--------+

Top non-repeatable levels by time:
     D:5: 1260 daAuts
     D:6: 1108 daAuts
     D:4: 976 daAuts
     D:1: 879 daAuts
     D:2: 845 daAuts
     D:3: 824 daAuts
  Bailey: 662 daAuts
     D:7: 396 daAuts
